Dynatiff, chaotic male orcish Barbarian ---------------------------------------------------------------- --- --- |........|.......}|#|}.......}#-#-#}......-...(..............|*| |.| |*| |...(....|.......}|.|}.......}#.|.#}......#......(...(---#--||*| |.| |*| -------|--......}#---#}..))..}#.|.#}.....%-%....---#---...}#.|.| |.| |*| |.........}#/|.#}......}#-#-#}......---#---.........}|%|o-----|-----|- |.).......}#---#}.......}+.+}.......................}#.|.$C..........$ ---.........)....+.......}#-#-#}.......%..............}|.|C..h....o..$$ |..).).....)}#---#}......}#.|.#}.........)............}#%|.Co.G...^.$ |......)..).}#.|.#}.))...}#.|.#}......................}|)|.h..).^.$ -------..........0---#}......}#-#-#}..........{{{.........}#.|$^..... |....[|.............+}.......}+...+}..........{#{.........}|.|$.@^C$ |)))).)..........0---#}......}#-#-#}..........{{{.........}#.|---@- |...).|.......).}#.|.#}.)...)}#/|/#}......................}|.|..).... |..[.)|.........}#---#}..0)..}#.|/#}......................}#%|........ |..-|----............)).0.(.)}#-#-#}..............[.......}|%%%%.)....... |..|....|.......}#---#}).)0).[[.)))[))[)..........).......}#%|....T....).... |..|..^.|...)..)}#.|.#}..0...}#-#-#}.)....---#---.........}|%||-----|-----|- -----------.....}#---#}..0.0.}#.|.#}......-.....---#---...}#%|.| |.| |.| |......}|.|}.......}$.|.#}......#...........---#--||.| |.| |.| |......}|#|}.......}#-#-#}......-(.(...............|.| |.| |.| ------------------------------------------------------ --- --- Dynatiff the Brigand Experience level: 13 Strength: 18/07 Dexterity: 18 Constitution: 17 Intelligence: 9 Wisdom: 11 Charisma: 8 Health: 0(133) Energy: 23(23) AC: 0 Gold: 0 Moves: 18152 Your Inventory: Amulets A - an uncursed amulet of reflection (being worn) Weapons a - the blessed rustproof +6 Cleaver (weapon in hands) Armor d - an uncursed +0 set of magic dragon scales (being worn) g - a blessed burnt +1 pair of leather gloves of speed (being worn) h - an uncursed +4 elven leather helm (being worn) q - a blessed +1 cloak of magic resistance (being worn) v - an uncursed +0 pair of elven boots (being worn) Comestibles i - an uncursed lizard corpse n - an uncursed food ration p - an uncursed tripe ration y - an uncursed apple Rings L - an uncursed ring of slow digestion R - an uncursed +4 ring of increase damage (on right hand) Wands s - an uncursed wand of striking [0:3] u - an uncursed wand of striking (0:3) D - an uncursed wand of digging (0:5) H - an [uncursed] wand of lightning [0:5] N - an uncursed wand of striking (0:7) Q - an [uncursed] wand of sleep [0:5] S - an uncursed rusty wand of sleep (0:2) T - an uncursed wand of teleportation (0:4) U - an uncursed wand of striking [0:8] Tools c - a blessed [+0] unicorn horn f - an uncursed sack k - an uncursed key [skeleton key] o - an uncursed magic whistle t - an uncursed towel named PoSlTy w - an uncursed looking glass [mirror] x - an uncursed [oil] lamp called oil z - an uncursed leash Gems l - an uncursed luckstone E - 2 uncursed rubies Contents of the sack: 837 gold pieces an uncursed +0 mummy wrapping 4 [uncursed] K-rations 5 uncursed food rations an uncursed lembas wafer an uncursed lizard corpse an uncursed pancake 6 uncursed slime molds 2 uncursed tripe rations an [uncursed] scroll called VELOX 100z [of destroy armor] an uncursed scroll of earth a blessed scroll of remove curse an [uncursed] potion called water [of water] 2 [uncursed] potions of object detection an uncursed ring called amber 150z [of cold resistance] an uncursed ring called porcelain 300z [of polymorph control] an uncursed ring called teleport control [of teleport control] an uncursed ring called wire 200z [of free action] an uncursed ring of invisibility an uncursed wand of digging [0:6] an uncursed wand of fire (0:0) an [uncursed] wand of magic missile [0:5] an [uncursed] wand of magic missile [0:7] an [uncursed] wand of make invisible [0:7] an uncursed wand of polymorph [0:3] an uncursed wand of polymorph [0:5] an uncursed wand of undead turning [0:7] an uncursed wand of undead turning [0:5] an uncursed [oil] lamp called oil an uncursed [oil] lamp called oil an uncursed rusty [+0] pick-axe an [uncursed] black gem [jet] 7 uncursed gems called G1 [emerald] 2 uncursed gems called diamond [diamond] 3 uncursed gems called v2 [amethyst] an uncursed gem called w2 [worthless glass] an uncursed gem called y2 [chrysoberyl] 2 uncursed gems called yb1 [amber] an [uncursed] orange gem [agate] Spells known in the end: Name Level Category Fail Memory a - force bolt 1 attack 87% [||......] b - cure blindness 2 healing 92% [|||||...] c - wizard lock 2 matter 92% [|||||...] d - sleep 1 enchantment 87% [|||||||.] e - finger of death 7 attack 100% [||||||||] Your skills at the end: Fighting Skills bare handed combat [Basic / Master] body armor [Skilled / Skilled] Weapon Skills axe [Expert / Expert] short sword [Basic / Expert] Spellcasting Skills Final Attributes: You were piously aligned. Hunger level was 923. Your alignment was 100 / 100. Monster difficulty range was 3 - 16. Level difficulty was 20. You resisted cold. You resisted sleep. You were immune to poison. You were magic-protected. You saw invisible. You were telepathic. You had infravision. You were stealthy. You had a +4 damage bonus. You were very fast. You had reflection. You were extremely lucky (12). You had extra luck. Bad luck did not time out for you. Good luck did not time out for you. You are dead. Vanquished creatures: 2 lindworms a sarkany an amphitere a minotaur 3 Olog-hai 3 vampire lords 4 shopkeepers an aligned priest a captain 5 lieutenants a watch captain 3 ghosts 3 locusts 4 giant mimics 5 ice trolls an umber hulk 3 Elvenkings 2 large mimics a wumpus 2 baby purple worms a long worm a stalker 2 earth elementals 2 giant zombies an elf-lord 4 sergeants 3 wargs 5 small mimics a glass piercer a rodent of unusual size 3 xans an ettin mummy 2 quantum mechanics 11 trolls a wood golem a gelatinous cube a large dog 3 freezing spheres a flaming sphere 2 shocking spheres a tiger 2 gargoyles a dwarf king 8 tengu 2 ochre jellies 3 leocrottas a mountain centaur 3 pythons a wraith 3 ettin zombies a leather golem 10 Grey-elves 75 soldiers 9 watchmen a succubus 2 chameleons 2 crocodiles a giant beetle 2 quivering blobs 3 cockatrices 2 wolves 5 winter wolf cubs a lynx a panther 22 leprechauns an orc-captain 3 iron piercers a mumak 7 giant spiders 2 scorpions 2 ice vortices a black light a vampire bat 3 forest centaurs a gnome king an orc mummy an ogre 2 rust monsters 3 owlbears a yeti 2 gold golems 7 Green-elves 4 giant eels 4 lizards 2 chickatrices a dingo 2 housecats 3 jaguars a dwarf lord a white unicorn a gray unicorn 2 black unicorns 2 dust vortices 4 ravens a plains centaur 9 gnome mummies 3 snakes 3 apes 6 human zombies 2 rope golems 7 Woodland-elves 7 soldier ants a fire ant 10 bugbears 2 imps a quasit 2 wood nymphs 3 water nymphs 5 mountain nymphs 2 Uruk-hai 3 orc shamans 3 rock piercers 2 enormous rats 3 rock moles 5 ponies 2 yellow lights 2 shriekers 2 violet fungi 18 gnome lords 7 gnomish wizards 7 kobold mummies a black naga hatchling a guardian naga hatchling 3 gray oozes a barrow wight 2 elf zombies a ghoul 2 straw golems a wax golem a baby crocodile 5 giant ants 2 little dogs 7 floating eyes 21 dwarves a kobold lord 4 kobold shamans 12 hill orcs 9 rothes 2 rabid rats a centipede a giant bat a monkey 8 orc zombies 4 dwarf zombies 4 wererats 3 werejackals 7 iguanas 42 killer bees an acid blob 9 coyotes a gas spore 7 hobbits 2 manes 3 large kobolds 11 hobgoblins 5 giant rats 5 cave spiders 2 brown molds 3 yellow molds 3 green molds a red mold 75 gnomes 2 garter snakes a gnome zombie 5 geckos 17 jackals 2 foxes 4 kobolds 7 goblins a sewer rat 7 grid bugs 4 bats 5 lichens 6 kobold zombies 10 newts 786 creatures vanquished. Voluntary challenges: You used a wielded weapon 889 times. You read items or engraved 31 times. You put on armor 66 times. You never genocided any monsters. You never polymorphed an object. You never changed form. You used no wishes. You never wrote Elbereth's name. You encountered 1 bones level. You never used any Sokoban shortcuts. Dungeon overview: The Dungeons of Doom: levels 1 to 13 Level 1 a long staircase Level 2 (Yeeno here) Level 3 an armor shop stairs to The Gnomish Mines Level 4 a fountain, a sink Level 5 ( ) a general store, a sink Level 6 an altar to Set, a sink Level 7 a sink Level 8 a scroll shop Level 9 many fountains Level 10 a fountain stairs to Sokoban Level 11 a fountain portal to Fort Ludios Level 12 (Stashlet) an altar to Set, a fountain stairs to Town The Gnomish Mines: levels 4 to 11 Level 4 stairs to The Dungeons of Doom Level 6 many shops, a temple to Set, a magic chest, a fountain Level 11 some fountains Sokoban: levels 7 to 9 Level 9 stairs to The Dungeons of Doom Town: Level 11 stairs to The Dungeons of Doom Fort Ludios: Level 1 (Safes) <- You were here a magic chest, many fountains, a tree portal to The Dungeons of Doom History has recorded: On T:1 you entered the Dungeons of Doom to retrieve the Amulet of Yendor! On T:189 you reached level 2 of The Dungeons of Doom. On T:349 you reached level 3 of The Dungeons of Doom. On T:368 you advanced to experience level 2. On T:372 you reached level 4 of The Dungeons of Doom. On T:466 you advanced to experience level 3. On T:1085 you advanced to experience level 4. On T:1349 you advanced to experience level 5. On T:1356 you reached level 1 of The Gnomish Mines. On T:1432 you advanced to experience level 6. On T:1670 you reached level 2 of The Gnomish Mines. On T:1775 you advanced to experience level 7. On T:1906 you reached level 4 of The Gnomish Mines. On T:1927 you reached level 5 of The Gnomish Mines. On T:2162 you reached level 3 of The Gnomish Mines. On T:2744 you advanced to experience level 8. On T:2819 you received Cleaver from Set. On T:3542 you reached level 6 of The Gnomish Mines. On T:4390 you reached level 7 of The Gnomish Mines. On T:4454 you advanced to experience level 9. On T:4689 you reached level 8 of The Gnomish Mines. On T:5109 you received Trollsbane from Set. On T:6387 you advanced to experience level 10. On T:8346 you reached level 5 of The Dungeons of Doom. On T:8620 you reached level 6 of The Dungeons of Doom. On T:10297 you reached level 7 of The Dungeons of Doom. On T:11119 you reached level 8 of The Dungeons of Doom. On T:11232 you reached level 9 of The Dungeons of Doom. On T:11710 you advanced to experience level 11. On T:12029 you reached level 10 of The Dungeons of Doom. On T:12161 you received advice from The Oracle. On T:12323 you reached level 3 of Sokoban. On T:12348 you reached level 11 of The Dungeons of Doom. On T:12622 you reached level 12 of The Dungeons of Doom. On T:12860 you reached Fort Knox. On T:13277 you reached level 2 of Sokoban. On T:13691 you reached level 1 of Sokoban. On T:15978 you received a rustproof battle-axe of searching from Set. On T:16245 you reached level 13 of The Dungeons of Doom. On T:16428 you reached level 3 of Town. On T:16675 you advanced to experience level 12. On T:18052 you advanced to experience level 13. Latest messages: You smite the troll! The troll just misses! The troll hits! The troll bites! The troll picks up a cursed spear. [HP-17=2] You kill the troll! There are several objects here. The troll wields a cursed spear! The spear welds itself to the troll's claw! [HP+4=6] You kill the troll! [HP+3=9] You see here an iron safe. The forest centaur shoots an arrow! You are almost hit by an arrow. The troll rises from the dead! The troll picks up a bronze plate mail. The forest centaur swings his scimitar. The forest centaur hits! You die... Final status: Goodbye Dynatiff the Barbarian... You died in Fort Ludios with 28416 points, and 837 pieces of gold, after 18152 moves. You were level 13 with a maximum of 133 hit points when you died.